SL
ROCKY MOUNTAIN NUGGETS @ GRAFTON MIDDIES
08/28/2028
 
TOP OF THE 1ST
Rocky Mountain Nuggets batting - Pitching for Grafton Middies : LHP Allen Yohemas
Pitching: LHP Allen Yohemas
Batting: RHB Luis Ríos 0-0: Ball
1-0: Ball
2-0: Called Strike
2-1: Swinging Strike
2-2: Foul Ball, location: 2F
2-2: Foul Ball, location: 2F
2-2: Foul Ball, location: 2F
2-2: Strikes out swinging
Batting: LHB Roberto Salazar 0-0: Called Strike
0-1: Foul Ball, location: 2F
0-2: Hit by Pitch
Batting: RHB Iván Vega 0-0: 2-RUN HOME RUN (Flyball, 78XD), Distance : 439 ft
Batting: LHB Javier Sánchez 0-0: Ball
1-0: Ball
2-0: Swinging Strike
2-1: Ball
3-1: Base on Balls
Batting: LHB Chia-ch'ing Dodman 0-0: Ball
1-0: Swinging Strike
1-1: Swinging Strike
1-2: Foul Ball, location: 2F
1-2: Foul Ball, location: 2F
1-2: Strikes out swinging
Batting: RHB José Carlos Pérez 0-0: Called Strike
0-1: Hit by Pitch
Javier Sánchez to second
Batting: RHB Wes Shannon 0-0: Called Strike
0-1: Fielders Choice at 2nd, 5-4 (Groundball, 56)
Top of the 1st over - 2 run(s), 1 hit(s), 0 error(s), 1 left on base; Rocky Mountain 2 - Grafton 0
BOTTOM OF THE 1ST
Grafton Middies batting - Pitching for Rocky Mountain Nuggets : LHP Vincent Hall
Pitching: LHP Vincent Hall
Batting: RHB Pedro Santos 0-0: Foul Ball, location: 2F
0-1: Ball
1-1: Foul Ball, location: 2F
1-2: Ball
2-2: Strikes out looking
Batting: RHB Carlos Maldonado 0-0: Ball
1-0: Ball
2-0: Ball
3-0: Base on Balls
Batting: LHB Mario Ramos 0-0: Ball
1-0: Called Strike
1-1: DOUBLE (Line Drive, 89D)
Carlos Maldonado to third
Batting: RHB Stefano Gaddi 0-0: Ball
1-0: Ball
2-0: 3-RUN HOME RUN (Flyball, 8LXD), Distance : 437 ft
Batting: RHB Scotty Anderson 0-0: SOLO HOME RUN (Line Drive, 78XD), Distance : 433 ft
Batting: RHB Lúcio López 0-0: Called Strike
0-1: Ball
1-1: Called Strike
1-2: Strikes out swinging
Batting: RHB Orlando Reyes 0-0: Foul Ball, location: 2F
0-1: Foul Ball, location: 2F
0-2: Ground out 3-1 (Groundball, 34S)
Bottom of the 1st over - 4 run(s), 3 hit(s), 0 error(s), 0 left on base; Rocky Mountain 2 - Grafton 4
TOP OF THE 2ND
Rocky Mountain Nuggets batting - Pitching for Grafton Middies : LHP Allen Yohemas
Batting: RHB Mark Melton 0-0: SINGLE (Line Drive, 89M)
Batting: RHB Sergio Martínez 0-0: Called Strike
0-1: Ball
1-1: Called Strike
1-2: Ball
2-2: Ball
3-2: Strikes out swinging
Batting: RHB Luis Ríos 0-0: Ball
1-0: SINGLE (Groundball, 4MD)
Mark Melton to second
Batting: LHB Roberto Salazar 0-0: Called Strike
0-1: Fielders Choice at 2nd, 4-6 (Groundball, 34)
Mark Melton to third
Batting: RHB Iván Vega 0-0: Ball
1-0: Called Strike
1-1: Called Strike
1-2: Fly out, F7 (Flyball, 78S)
Top of the 2nd over - 0 run(s), 2 hit(s), 0 error(s), 2 left on base; Rocky Mountain 2 - Grafton 4
BOTTOM OF THE 2ND
Grafton Middies batting - Pitching for Rocky Mountain Nuggets : LHP Vincent Hall
Batting: RHB Octávio Beltzán 0-0: Foul Ball, location: 2F
0-1: Called Strike
0-2: Ball
1-2: Ball
2-2: Ground out 3-1 (Groundball, 34)
Batting: RHB Ramón Gómez 0-0: Swinging Strike
0-1: Foul Ball, location: 2F
0-2: Strikes out swinging
Batting: RHB Pedro Santos 0-0: Foul Ball, location: 2F
0-1: Called Strike
0-2: Hit by Pitch
Batting: RHB Carlos Maldonado 0-0: Called Strike
0-1: Foul Ball, location: 2F
0-2: Ball
1-2: Foul Ball, location: 2F
1-2: Ball
2-2: Strikes out looking
Bottom of the 2nd over - 0 run(s), 0 hit(s), 0 error(s), 1 left on base; Rocky Mountain 2 - Grafton 4
TOP OF THE 3RD
Rocky Mountain Nuggets batting - Pitching for Grafton Middies : LHP Allen Yohemas
Batting: LHB Javier Sánchez 0-0: Swinging Strike
0-1: Ball
1-1: Foul Ball, location: 2F
1-2: Ball
2-2: Ball
3-2: Foul Ball, location: 2F
3-2: Foul Ball, location: 2F
3-2: Foul Ball, location: 2F
3-2: Foul Ball, location: 2F
3-2: Foul Ball, location: 2F
3-2: SINGLE (Groundball, 34D)
Batting: LHB Chia-ch'ing Dodman 0-0: Ball
Pickoff Throw to First - Out!
1-0: Foul Ball, location: 2F
1-1: Foul Ball, location: 2F
1-2: Strikes out swinging
Batting: RHB José Carlos Pérez 0-0: Fly out, F5 (Line Drive, 5)
Top of the 3rd over - 0 run(s), 1 hit(s), 0 error(s), 0 left on base; Rocky Mountain 2 - Grafton 4
BOTTOM OF THE 3RD
Grafton Middies batting - Pitching for Rocky Mountain Nuggets : LHP Vincent Hall
Batting: LHB Mario Ramos 0-0: Ball
1-0: Ball
2-0: Called Strike
2-1: Fly out, F8 (Flyball, 8LXD)
Batting: RHB Stefano Gaddi 0-0: Ball
1-0: Ball
2-0: Called Strike
2-1: Swinging Strike
2-2: Strikes out swinging
Batting: RHB Scotty Anderson 0-0: Called Strike
0-1: Fly out, F7 (Flyball, 7S)
Bottom of the 3rd over - 0 run(s), 0 hit(s), 0 error(s), 0 left on base; Rocky Mountain 2 - Grafton 4
TOP OF THE 4TH
Rocky Mountain Nuggets batting - Pitching for Grafton Middies : LHP Allen Yohemas
Batting: RHB Wes Shannon 0-0: SOLO HOME RUN (Flyball, 7D), Distance : 414 ft
Batting: RHB Mark Melton 0-0: Foul Ball, location: 2F
0-1: Foul Ball, location: 2F
0-2: Ball
1-2: Strikes out looking
Batting: RHB Sergio Martínez 0-0: SINGLE (Line Drive, 9LS)
Batting: RHB Luis Ríos 0-0: Called Strike
0-1: Ball
1-1: SINGLE (Line Drive, 89S)
Sergio Martínez to second
Batting: LHB Roberto Salazar 0-0: Called Strike
0-1: Ball
1-1: DOUBLE (Flyball, 89D)
Sergio Martínez scores
Luis Ríos to third
Runner from 3rd tries for Home, SAFE, no throw
Batting: RHB Iván Vega 0-0: Ball
1-0: SINGLE (Line Drive, 7S)
Roberto Salazar to third
Batting: LHB Javier Sánchez 0-0: Ball
1-0: Ball
2-0: Ball
3-0: Called Strike
3-1: Called Strike
3-2: Strikes out swinging
Iván Vega steals 2nd base
Batter strikes out.
Batting: LHB Chia-ch'ing Dodman 0-0: Ball
1-0: Ground out 1-3 (Groundball, 13)
Top of the 4th over - 3 run(s), 5 hit(s), 0 error(s), 2 left on base; Rocky Mountain 5 - Grafton 4
BOTTOM OF THE 4TH
Grafton Middies batting - Pitching for Rocky Mountain Nuggets : LHP Vincent Hall
Batting: RHB Lúcio López 0-0: Ball
1-0: Ball
2-0: Ball
3-0: Foul Ball, location: 2F
3-1: Foul Ball, location: 2F
3-2: Base on Balls
Batting: RHB Orlando Reyes 0-0: Called Strike
0-1: Swinging Strike
0-2: Foul Ball, location: 2F
0-2: Ball
1-2: SINGLE (Groundball, 5D)
Lúcio López to second
Batting: RHB Octávio Beltzán 0-0: Ball
1-0: Called Strike
1-1: Foul Ball, location: 2F
1-2: Strikes out looking
Batting: RHB Ramón Gómez 0-0: Called Strike
0-1: Called Strike
0-2: Foul Ball, location: 2F
0-2: Ball
1-2: Strikes out looking
Batting: RHB Pedro Santos 0-0: Ball
1-0: Foul Ball, location: 2F
1-1: Fly out, F8 (Flyball, 8RM)
Bottom of the 4th over - 0 run(s), 1 hit(s), 0 error(s), 2 left on base; Rocky Mountain 5 - Grafton 4
TOP OF THE 5TH
Rocky Mountain Nuggets batting - Pitching for Grafton Middies : LHP Allen Yohemas
Pitching: RHP António Marés
Batting: RHB José Carlos Pérez 0-0: Called Strike
0-1: Ground out 4-3 (Groundball, 4)
Batting: RHB Wes Shannon 0-0: Fly out, F9 (Flyball, 9LM)
Batting: RHB Mark Melton 0-0: Ball
1-0: Ball
2-0: Foul Ball, location: 2F
2-1: Swinging Strike
2-2: Ball
3-2: Foul Ball, location: 2F
3-2: Ground out 5-3 (Groundball, 56)
Top of the 5th over - 0 run(s), 0 hit(s), 0 error(s), 0 left on base; Rocky Mountain 5 - Grafton 4
BOTTOM OF THE 5TH
Grafton Middies batting - Pitching for Rocky Mountain Nuggets : LHP Vincent Hall
Batting: RHB Carlos Maldonado 0-0: Called Strike
0-1: Ball
1-1: Ground out 4-3 (Groundball, 4)
Batting: LHB Mario Ramos 0-0: Ball
1-0: SINGLE (Line Drive, 8RS)
Batting: RHB Stefano Gaddi 0-0: Ball
1-0: Foul Ball, location: 2F
1-1: Ball
2-1: 2-RUN HOME RUN (Flyball, 7D), Distance : 394 ft
Pitching: RHP Omar Casteneda
Batting: RHB Scotty Anderson 0-0: Ball
1-0: Fly out, F8 (Flyball, 8LM)
Batting: RHB Lúcio López 0-0: Called Strike
0-1: Ball
1-1: Ball
2-1: Ball
3-1: Foul Ball, location: 2F
3-2: Base on Balls
Batting: RHB Orlando Reyes 0-0: Ball
1-0: Ball
2-0: Ground out 4-3 (Groundball, 4S)
Bottom of the 5th over - 2 run(s), 2 hit(s), 0 error(s), 1 left on base; Rocky Mountain 5 - Grafton 6
TOP OF THE 6TH
Rocky Mountain Nuggets batting - Pitching for Grafton Middies : RHP António Marés
Batting: RHB Sergio Martínez 0-0: Foul Ball, location: 2F
0-1: Called Strike
0-2: Foul Ball, location: 2F
0-2: Foul Ball, location: 2F
0-2: Ball
1-2: Ball
2-2: Ball
3-2: Base on Balls
Batting: RHB Luis Ríos 0-0: Sac Bunt - play at first, batter OUT! 5-4
Sergio Martínez to second
Batting: LHB Roberto Salazar 0-0: Ball
1-0: Ball
2-0: Foul Ball, location: 2F
2-1: Single, Error in OF, E7, batter to second base
Sergio Martínez scores
Batting: RHB Iván Vega 0-0: Ball
1-0: Called Strike
1-1: Ball
2-1: Ball
3-1: Fly out, F8 (Flyball, 8LD)
Runner from 2nd tags up, SAFE at 3rd, no throw
Batting: LHB Javier Sánchez 0-0: Called Strike
0-1: Ball
1-1: Swinging Strike
1-2: Foul Ball, location: 2F
1-2: Foul Ball, location: 2F
1-2: Ball
2-2: Foul Ball, location: 2F
2-2: Ball
3-2: Strikes out swinging
Top of the 6th over - 1 run(s), 1 hit(s), 1 error(s), 1 left on base; Rocky Mountain 6 - Grafton 6
BOTTOM OF THE 6TH
Grafton Middies batting - Pitching for Rocky Mountain Nuggets : RHP Omar Casteneda
Batting: RHB Octávio Beltzán 0-0: SOLO HOME RUN (Flyball, 7D), Distance : 401 ft
Batting: RHB Ramón Gómez 0-0: Called Strike
0-1: Ball
1-1: Fly out, F8 (Flyball, 8LXD)
Batting: RHB Pedro Santos 0-0: Ball
1-0: Ball
2-0: Foul Ball, location: 2F
2-1: Ball
3-1: Swinging Strike
3-2: Strikes out swinging
Batting: RHB Carlos Maldonado 0-0: Ball
1-0: Ball
2-0: Ball
3-0: Called Strike
3-1: Called Strike
3-2: Foul Ball, location: 2F
3-2: Strikes out swinging
Bottom of the 6th over - 1 run(s), 1 hit(s), 0 error(s), 0 left on base; Rocky Mountain 6 - Grafton 7
TOP OF THE 7TH
Rocky Mountain Nuggets batting - Pitching for Grafton Middies : RHP António Marés
Batting: LHB Chia-ch'ing Dodman 0-0: SINGLE (Line Drive, 34)
Batting: RHB José Carlos Pérez 0-0: Ball
1-0: Sac Bunt - play at second, runner OUT -> throw to first, DP!
Batting: RHB Wes Shannon 0-0: Ground out U3 (Groundball, 34)
Top of the 7th over - 0 run(s), 1 hit(s), 0 error(s), 0 left on base; Rocky Mountain 6 - Grafton 7
BOTTOM OF THE 7TH
Grafton Middies batting - Pitching for Rocky Mountain Nuggets : RHP Omar Casteneda
Batting: LHB Mario Ramos 0-0: Called Strike
0-1: Ball
1-1: Fly out, F9 (Flyball, 89D)
Batting: RHB Stefano Gaddi 0-0: Called Strike
0-1: Foul Ball, location: 2F
0-2: Strikes out swinging
Batting: RHB Scotty Anderson 0-0: Ball
1-0: Ball
2-0: Called Strike
2-1: Foul Ball, location: 2F
2-2: Ground out 6-3 (Groundball, 6)
Bottom of the 7th over - 0 run(s), 0 hit(s), 0 error(s), 0 left on base; Rocky Mountain 6 - Grafton 7
TOP OF THE 8TH
Rocky Mountain Nuggets batting - Pitching for Grafton Middies : RHP António Marés
Pitching: RHP Craig Whitney
Batting: RHB Mark Melton 0-0: Called Strike
0-1: Called Strike
0-2: Ball
1-2: Strikes out swinging
Batting: RHB Sergio Martínez 0-0: Ball
1-0: Called Strike
1-1: Swinging Strike
1-2: Ball
2-2: Strikes out swinging
Batting: RHB Luis Ríos 0-0: Called Strike
0-1: Swinging Strike
0-2: Foul Ball, location: 2F
0-2: Strikes out swinging
Top of the 8th over - 0 run(s), 0 hit(s), 0 error(s), 0 left on base; Rocky Mountain 6 - Grafton 7
BOTTOM OF THE 8TH
Grafton Middies batting - Pitching for Rocky Mountain Nuggets : RHP Omar Casteneda
Batting: RHB Lúcio López 0-0: Swinging Strike
0-1: Called Strike
0-2: Foul Ball, location: 2F
0-2: Hit by Pitch
Batting: RHB Orlando Reyes 0-0: Grounds into double play, 6-4-3 (Groundball, 6)
Batting: RHB Octávio Beltzán 0-0: Ball
1-0: Ball
2-0: Ball
3-0: Base on Balls
Batting: RHB Ramón Gómez 0-0: Ball
1-0: Ball
Wild Pitch!
Octávio Beltzán to second
2-0: Ball
3-0: Called Strike
3-1: Base on Balls
Batting: RHB Pedro Santos 0-0: Called Strike
0-1: Foul Ball, location: 2F
0-2: Ball
1-2: Fly out, F9 (Flyball, 89S)
Bottom of the 8th over - 0 run(s), 0 hit(s), 0 error(s), 2 left on base; Rocky Mountain 6 - Grafton 7
TOP OF THE 9TH
Rocky Mountain Nuggets batting - Pitching for Grafton Middies : RHP Craig Whitney
Pitching: RHP Truman Valentine
Batting: LHB Roberto Salazar 0-0: Called Strike
0-1: Ball
1-1: Fly out, F7 (Flyball, 7)
Batting: RHB Iván Vega 0-0: Ball
1-0: Foul Ball, location: 2F
1-1: Ball
2-1: Foul Ball, location: 2F
2-2: Ball
3-2: Foul Ball, location: 2F
3-2: Fly out, F6 (Popup, 6MD)
Batting: LHB Javier Sánchez 0-0: Called Strike
0-1: Fly out, F4 (Line Drive, 4)
Top of the 9th over - 0 run(s), 0 hit(s), 0 error(s), 0 left on base; Rocky Mountain 6 - Grafton 7
Wednesday, August 30th, 2017 - OOTP Baseball 17.12 Build 75